 Seeded DCSS version 0.29-a0-96-g93358da72b (webtiles) character file.

Game seed: 11119258880986545021 (custom seed)

42 innerfire433 the Magician (level 3, -9/25 HPs)
             Began as a Djinni Air Elementalist on Feb 10, 2022.
             Was a Follower of Dithmenos.
             Mangled by an ogre (26 damage)
             ... on level 2 of the Dungeon.
             The game lasted 00:03:21 (2205 turns).

innerfire433 the Magician (Djinni Air Elementalist) Turns: 2205, Time: 00:03:22

Health: -9/25      AC:  2    Str:  9    XL:     3   Next: 77%
Gold:   36         EV: 12    Int: 16    God:    Dithmenos [*.....] SH:  0 Dex: 13

rFire   + + .      SeeInvis .   e - +3 hunting sling
rCold   x . .      Faith    .   (no shield)
rNeg    . . .      Spirit   .   a - +0 robe
rPois   ∞          Reflect  .   (no helmet)
rElec   .          Harm     .   (no cloak)
rCorr   .          Rampage  .   (no gloves)
Will    .....                   (boots unavailable)
Stlth   ++........              (no amulet)
HPRegen 0.08/turn               (no ring)
MPRegen 0.00/turn               (no ring)

@: sluggish, flying, wreathed by umbra, very slow
A: sickness immunity, fire resistance 2, cold vulnerability 1, float, innate
caster, HP casting, extra vitality 1
a: Renounce Religion


You were on level 2 of the Dungeon.
You worshipped Dithmenos.
Dithmenos was aware of your devotion.
You visited 1 branch of the dungeon, and saw 2 of its levels.

You collected 36 gold pieces.

Inventory:

Hand Weapons
 e - a +3 hunting sling (weapon)
Armour
 a - a +0 robe (worn)
Scrolls
 b - a scroll of immolation {unknown}
 c - 2 scrolls of teleportation {unknown}
 d - 3 scrolls of identify {unknown}
 g - a scroll of fog {unknown}
 h - a scroll of summoning {unknown}
Potions
 f - a potion of curing {unknown}
 i - 2 potions of brilliance {unknown}
 j - a potion of flight {unknown}
 k - a potion of mutation {unknown}


   Skills:
 - Level 2.1 Dodging
 - Level 1.5 Stealth
 * Level 3.5 Spellcasting


You couldn't memorise any spells.
You knew the following spells:

 Your Spells              Type           Power      Damage    Failure   Level
a - Shock                 Conj/Air       56%        1d6       4%          1
b - Static Discharge      Conj/Air       14%        N/A       6%          2
c - Swiftness             Air            14%        N/A       13%         3
d - Airstrike             Air            7%         N/A       38%         4
e - Sting                 Tmut/Pois      56%        1d5       4%          1
Your spell library was empty.

Dungeon Overview and Level Annotations

Branches:
Dungeon (2/15)

Altars:
Dithmenos


Innate Abilities, Weirdness & Mutations

You are immune to sickness and miasma.
You are immune to poison.
Your flesh is very heat resistant. (rF++)
You are vulnerable to cold. (rC-)
You float through the air rather than walking.
You learn spells naturally, not from books.
Your magical power is your life essence.
You have superior vitality. (+4 MHP)


Message History

The zap misses the quokka.
The zap hits the quokka.
The quokka is almost dead.
The quokka barely misses you.
The zap hits the quokka.
You kill the quokka!
Dithmenos accepts your kill.
Found a stone staircase leading up.
Things that are here:
a +0 short sword; a +0 ring mail; a kobold corpse A frilled lizard and an ogre come into view.
The ogre shouts!
The ogre moves out of view.
The zap hits the frilled lizard.
The frilled lizard is heavily wounded.
The zap hits the frilled lizard.
You kill the frilled lizard!
Dithmenos accepts your kill.
The zap hits the ogre.
The ogre is lightly wounded.
Casting: Shock (safe; 4% risk of failure)
Confirm with . or Enter, or press ? or * to list all spells.
The spell is quite dangerous to miscast (13% risk of failure)!
Continue anyway?
Okay, then.
Casting: Swiftness (quite dangerous; 13% risk of failure)
Confirm with . or Enter, or press ? or * to list all spells.
The spell is quite dangerous to miscast (13% risk of failure)!
Continue anyway?
You feel quick. The ogre barely misses you.
The zap hits the ogre.
The ogre is lightly wounded.
You start to feel a little slower.
The zap hits the ogre.
The ogre is moderately wounded.
The zap hits the ogre.
The ogre is heavily wounded.
You feel sluggish.
The ogre hits you with a +0 giant spiked club!!
Ouch! That really hurt!
You die...

.#.###..#........<..........##.#
...##...)...................# ...
.#........................#.#.###
.#.......#####.#..>#.#......#.#
.#.......# #.#.(.#.########.#
##.......# #.#...#.# #.#
#.......# #.#...#.# #.# #.......#
##.#...#.# #.# #.....<.#
#..O@....########.###
######.######.##.#.......#.......
..####........##....####.#.##....
#.......#####.##..#.####.#.##....
#######.#####.#..........#.###...
#.##.....<###.###....###...
#.##.##...# #.....#........
#.......#.###.###...#######
####.####.....# ##.##


You could see an ogre.

Vanquished Creatures
  An adder (D:2)
  A dart slug (D:1)
  A worm (D:2)
  4 endoplasms
  A goblin (D:1)
  2 hobgoblins
  2 kobolds (D:2)
  3 quokkas
  2 ball pythons (D:1)
  4 bats
  4 frilled lizards (D:2)
  4 rats
29 creatures vanquished.

Notes
Turn   | Place    | Note
-------+----------+-------------------------------------------
     0 | D:1      | innerfire433 the Djinni Air Elementalist began the quest
                  | for the Orb.
     0 | D:1      | Reached XP level 1. HP: 15/15 MP: 0/0
   184 | D:1      | Reached XP level 2. HP: 17/21 MP: 0/0
   713 | D:1      | Reached skill level 3 in Spellcasting
  1247 | D:1      | Found a faded altar of an unknown god.
  1335 | D:1      | Prayed at the altar of an unknown god.
  1335 | D:1      | Became a worshipper of Dithmenos the Shadowed
  1335 | D:1      | Reached * piety under Dithmenos
  1517 | D:2      | Reached XP level 3. HP: 20/25 MP: 0/0
  1517 | D:2      | Learned a level 1 spell: Sting
  2187 | D:2      | Noticed an ogre
  2205 | D:2      | Mangled by an ogre

Illustrated notes

Levels and vault maps discovered:
D:1:      roderic_dead_forest, layout_basic,
          chequers_ecumenical_altar_simple_redux, minmay_pentomino_r2
D:2:      layout_loops_cross

Skill      XL: |  1  2 |
---------------+-------+-----
Spellcasting   | 3 |  3.5
Dodging        | |  2.1
Stealth        | |  1.5

Action                   || total
-------------------------++-------
 Cast: Shock             ||    82
       Swiftness         ||     1
Dodge: Dodged            ||     6

Table legend: (Time is in decaauts)
 A = Elapsed time spent in this place.
 B = Non-inter-level travel time spent in this place.
 C = Inter-level travel time spent in this place.
 D = Time resting spent in this place.
 E = Time spent auto-exploring this place.
 F = Levels seen in this place.
 G = Mean time per level.
                   A        B        C        D        E       F      G
               +--------+--------+--------+--------+--------+-----+--------+
         Total |   2202 |   2125 |     77 |      0 |   1891 |   2 | 1101.0 |
       Dungeon |   2202 |   2125 |     77 |      0 |   1891 |   2 | 1101.0 |
               +--------+--------+--------+--------+--------+-----+--------+

Top non-repeatable levels by time:
     D:1: 1345 daAuts
     D:2: 856 daAuts
